 Dungeon Crawl Stone Soup version 0.30.1-3-gfc49f6343a (webtiles) character file.

Game seed: 9707981404508110519

544 Wiggles the Cleaver (level 7, -1/57 HPs)
             Began as a Minotaur Berserker on July 31, 2023.
             Was a Priest of Trog.
             Succumbed to a water moccasin's poison
             ... on level 6 of the Dungeon.
             The game lasted 00:05:29 (2597 turns).

Wiggles the Cleaver (Minotaur Berserker)            Turns: 2597, Time: 00:05:29

Health: -1/57      AC: 12    Str: 24    XL:     7   Next: 6%
Magic:  6/6        EV:  5    Int:  4    God:    Trog [***...]
Gold:   271        SH:  6    Dex:  9    Spells: 6/6 levels left

rFire   . . .        a - +0 hand axe
rCold   . . .        u - +0 kite shield
rNeg    . . .        p - +0 plate armour
rPois   .            (helmet restricted)
rElec   .            (no cloak)
rCorr   .            k - +0 pair of gloves
SInv    .            (no boots)
Will    .....        (no amulet) Stlth
                     (no ring)
HPRegen 0.29/turn    (no ring)
MPRegen 0.10/turn

%: no passive effects
@: lethally poisoned (-1 -> -8), on berserk cooldown, slowed, very slow
A: horns 2, retaliatory headbutt
a: Renounce Religion, Berserk, Trog's Hand


You were on level 6 of the Dungeon.
You worshipped Trog.
Trog was most pleased with you.
You visited 1 branch of the dungeon, and saw 6 of its levels.

You collected 271 gold pieces.

Inventory:

Hand Weapons
 a - a +0 hand axe (weapon)
Armour
 k - a +0 pair of gloves (worn)
 p - a +0 plate armour (worn)
 u - a +0 kite shield (worn)
Scrolls
 b - a scroll of torment {unknown}
 d - a scroll of fog {unknown}
 g - a scroll of identify {unknown}
 h - a scroll of immolation {unknown}
 j - a scroll of noise {unknown}
 l - a scroll of blinking {unknown}
 m - a scroll of vulnerability {unknown}
 s - 2 scrolls of enchant armour {unknown}
 v - a scroll of poison {unknown}
Potions
 c - 3 potions of curing {unknown}
 e - a potion of resistance {unknown}
 f - 2 potions of heal wounds {unknown}
 i - 2 potions of degeneration {unknown}
 n - 3 potions of mutation {unknown}
 o - 2 potions of might {unknown}
 q - a potion of ambrosia {unknown}
 r - a potion of haste {unknown}
 t - a potion of magic {unknown}


   Skills:
 - Level 3.6 Fighting
 + Level 9.5 Axes
 - Level 0.2 Throwing
 - Level 2.4 Armour
 - Level 2.1 Dodging
 + Level 0.7 Stealth
 + Level 1.0 Shields


You had 6 spell levels left.
You didn't know any spells.
Your spell library was empty.

Dungeon Overview and Level Annotations

Branches:
Dungeon (7/15)
 Temple: D:4-7

Altars:
Nemelex Xobeh
Trog

Shops:
D:3 *


Innate Abilities, Weirdness & Mutations

You have a pair of horns on your head.
You reflexively headbutt those who attack you in melee.


Message History

You are lethally poisoned!
The water moccasin poisons you!
You slice the water moccasin!!
You kill the water moccasin!
Trog accepts your kill.
* * * LOW HITPOINT WARNING * * *
You feel very sick. The gnoll barely misses you.
Your Shields skill increases to level 1!
You have reached level 7!
* * * LOW HITPOINT WARNING * * *
You feel very sick.
You see here a water moccasin corpse.
Found a stone staircase leading up.
You feel a strong urge to attack something.
* * * LOW HITPOINT WARNING * * *
You feel very sick. The gnoll hits you with a +0 halberd.
* * * LOW HITPOINT WARNING * * *
You slash the gnoll!
You kill the gnoll!
Trog accepts your kill.
* * * LOW HITPOINT WARNING * * *
You feel sick.
A gnoll comes into view. It is wielding a +0 halberd.
* * * LOW HITPOINT WARNING * * *
You feel sick.
The gnoll shouts!
Things that are here:
a +0 halberd; a gnoll corpse You feel a strong urge to attack something.
* * * LOW HITPOINT WARNING * * *
You feel sick.
You are no longer berserk.
You are exhausted.
You feel yourself slow down.
* * * LOW HITPOINT WARNING * * *
You feel sick.
You see here a water moccasin corpse.
You die...

#.....##.# #.# $)####.#
#.....<#.####.#
......####+#.....#.....
..........#.#####.##..
.....###.........##..
....................
#.#.###.#####†#.....
..#####.#.....# #.#......#
........†@.#..# ....#####
..#####)#.##..# .....#
........#.....+ ......#
........#.##.##.......#
g..####.#.....#.#<###.####
#. #.#...#.# #......##.
#$###. . #..#.. ..< .
#..#.# ##. ##.###..#..


There were no monsters in sight!

Vanquished Creatures
  A water moccasin (D:6)
  A black bear (D:4)
  A hound (D:4)
  A jelly (D:6)
  A gnoll bouda (D:7)
  A sleepcap (D:7)
  An iguana (D:6)
  6 gnolls
  6 adders
  2 white imps (D:6)
  A worm (D:2)
  4 dart slugs
  2 orcs (D:3)
  9 ball pythons
  2 bats
  2 endoplasms (D:1)
  4 giant cockroaches (D:1)
  3 goblins
  7 hobgoblins
  10 jackals
  3 quokkas
  2 frilled lizards (D:2)
  6 kobolds
  6 rats
82 creatures vanquished.

Notes
Turn   | Place    | Note
-------+----------+-------------------------------------------
     0 | D:1      | Wiggles the Minotaur Berserker began the quest for the Orb.
     0 | D:1      | Reached XP level 1. HP: 19/19 MP: 0/0
    94 | D:1      | Reached skill level 4 in Axes
   103 | D:1      | Reached XP level 2. HP: 24/26 MP: 1/1
   223 | D:1      | Found a faded altar of an unknown god.
   286 | D:1      | Reached skill level 5 in Axes
   325 | D:1      | Reached XP level 3. HP: 31/31 MP: 2/2
   376 | D:1      | Reached ** piety under Trog
  1235 | D:3      | Reached XP level 4. HP: 39/39 MP: 3/3
  1255 | D:3      | Reached skill level 6 in Axes
  1403 | D:3      | Found a large runed translucent door.
  1403 | D:3      | Found a large runed translucent door.
  1420 | D:3      | Found Huschisaf's Assorted Antiques.
  1878 | D:3      | Found a sparkling altar of Nemelex Xobeh.
  1893 | D:3      | Found a bloodstained altar of Trog.
  1940 | D:4      | Noticed a black bear
  1949 | D:4      | Killed a black bear
  1950 | D:4      | Reached skill level 7 in Axes
  1950 | D:4      | Reached XP level 5. HP: 45/45 MP: 4/4
  2138 | D:4      | You fall into a shaft and drop 3 floors!
  2167 | D:7      | Reached skill level 8 in Axes
  2167 | D:7      | Reached XP level 6. HP: 51/51 MP: 5/5
  2378 | D:6      | Reached *** piety under Trog
  2514 | D:6      | Reached skill level 9 in Axes
  2583 | D:6      | Noticed a water moccasin
  2590 | D:6      | Killed a water moccasin
  2591 | D:6      | Reached skill level 1 in Shields
  2591 | D:6      | Reached XP level 7. HP: 20/57 MP: 6/6
  2596 | D:6      | HP: 2/57 [poisoned by a water moccasin]
  2597 | D:6      | Succumbed to a water moccasin's poison

Illustrated notes

Levels and vault maps discovered:
D:1:      beargit_arrival_diablo_church, layout_basic,
          shapermc_ecumenical_altar_flowoftime
D:2:      minmay_wonky_spiral, layout_rooms, serial_curves, eino_curves_02,
          eino_curves_03, eino_curves_04
D:3:      layout_basic, jmf_multi_god_temple2, serial_shops, shop
D:4:      wander_river, layout_basic, zin_treasury, serial_curves,
          eino_curves_03, eino_curves_03, ebering_ghost_sewer_d
D:6:      minmay_chambers_of_fours, layout_basic, mainiacjoe_overflow_boulevard,
          grunt_tough_drop
D:7:      layout_loops_corners

Skill      XL: |  1  2  3  4  5  6 |
---------------+-------------------+-----
Axes           | 4 5 7 8 9 |  9.5
Shields        | 1 |  1.0
Fighting       | |  3.6
Throwing       | |  0.2
Armour         | |  2.4
Dodging        | |  2.1
Stealth        | |  0.7

Action                     |  1- 3 |  4- 6 |  7- 9 || total
---------------------------+-------+-------+-------++-------
  Melee: Hand axe          |    89 |    81 |     1 ||   171
         Headbutt          |    10 |    12 |       ||    22
  Throw: Boomerang         |    28 |    12 |       ||    40
 Invoke: Berserk           |       |     3 |       ||     3
 Armour: Animal skin       |    24 |       |       ||    24
         Plate armour      |    10 |    50 |       ||    60
         Leather armour    |     1 |       |       ||     1
  Dodge: Dodged            |    58 |    23 |       ||    81
  Block: Buckler           |       |    11 |       ||    11
         Kite shield       |       |     2 |       ||     2
